 Dungeon Crawl Stone Soup version 0.30-a0-170-g85af917532 (webtiles) character file.

Game seed: 14100695856026000244

812 qw the Chopper (level 7, -6/43 HPs)
             Began as a Gargoyle Fighter on Sept 30, 2022.
             Was an Initiate of Okawaru.
             Mangled by an ogre
             ... wielding a +0 giant club
              (10 damage)
             ... on level 5 of the Dungeon.
             The game lasted 00:01:34 (4520 turns).

qw the Chopper (Gargoyle Fighter)                   Turns: 4520, Time: 00:01:34

Health: -6/43      AC: 15    Str: 22    XL:     7   Next: 93%
Magic:  7/7        EV:  7    Int:  8    God:    Okawaru [......]
Gold:   75         SH:  4    Dex:  9    Spells: 6/6 levels left

rFire   . . .      SeeInvis .    Y - +0 war axe
rCold   . . .      Faith    .    c - +0 buckler
rNeg    + . .      Spirit   .    k - +0 chain mail
rPois   inf        Reflect  .    (no helmet)
rElec   +          Harm     .    (no cloak)
rCorr   +          Rampage  .    (no gloves)
Will    .....                    g - +0 pair of boots
Stlth   ..........               (no amulet)
HPRegen 0.14/turn                l - ring of resist corrosion
MPRegen 0.10/turn                (no ring)

@: no status effects
A: sickness immunity, AC +4, negative energy resistance 1, electricity
resistance, torment resistance 1, petrification resistance
a: Renounce Religion


You were on level 5 of the Dungeon.
You worshipped Okawaru.
Okawaru was noncommittal.
You visited 2 branches of the dungeon, and saw 6 of its levels.

You collected 235 gold pieces.
You spent 160 gold pieces at shops.


Innate Abilities, Weirdness & Mutations

You are immune to sickness and miasma.
Your stone body is resilient. (AC +4)
You are immune to poison.
You resist negative energy. (rN+)
You are resistant to electric shocks. (rElec)
You are resistant to unholy torment.
You are immune to petrification.


   Skills:
 - Level 4.0 Fighting
 + Level 6.8 Axes
 - Level 2.6 Throwing
 - Level 3.2 Armour
 - Level 1.6 Dodging
 - Level 3.2 Shields


You had 6 spell levels left.
You didn't know any spells.
Your spell library was empty.

Inventory:

Hand Weapons
 j - a +0 flail
 Y - a +0 war axe (weapon)
Armour
 c - a +0 buckler (worn)
 g - a +0 pair of boots (worn)
 k - a +0 chain mail (worn)
Jewellery
 l - a ring of resist corrosion (left hand)
Scrolls
 n - a scroll of identify
Potions
 b - a potion of invisibility {unknown}
 d - 2 potions of might
 e - a potion of degeneration {unknown}
 i - 3 potions of curing
 m - a potion of lignification {unknown}

Dungeon Overview and Level Annotations

Branches:
Dungeon (5/15)             Temple (1/1) D:5

Altars:
Ashenzari
Cheibriados
Dithmenos
Elyvilon
Fedhas
Gozag
Hepliaklqana
Kikubaaqudgha
Makhleb
Nemelex Xobeh
Okawaru
Qazlal
Ru
Sif Muna
Trog
Vehumet
Wu Jian
Xom
Yredelemnul
Zin
The Shining One

Shops:
D:1 *   D:3 :   D:4 !

Annotations:
D:4 3 runed translucent doors, qw's ghost, amateur GrFi
D:5 Grinder


Message History

You slash the ogre!
You kill the ogre!
Okawaru accepts your kill.
Your surroundings suddenly seem different.
Grinder comes into view.
Grinder shouts!
You hear a shout!
You hit Grinder.
Grinder is lightly wounded.
Grinder gestures at you. Pain shoots through your body!
An ogre comes into view. It is wielding a +0 giant club.
You barely miss Grinder.
Grinder is lightly wounded.
You block Grinder's attack.
You barely miss Grinder.
Grinder is lightly wounded.
You hit the ogre. Grinder hits you but does no damage.
The ogre hits you with a +0 giant club! Grinder hits you but does no damage.
You barely miss Grinder.
Grinder is lightly wounded.
You hit the ogre. The ogre hits you but does no damage.
You block Grinder's attack.
You closely miss the ogre.
The ogre is heavily wounded.
You barely miss Grinder. Grinder hits you but does no damage.
The ogre closely misses you.
You slash the ogre!
The ogre is severely wounded.
You barely miss Grinder. Grinder hits you!
You barely miss the ogre.
The ogre is severely wounded.
You completely miss Grinder. The ogre barely misses you.
Grinder hits you but does no damage.
You hit the ogre.
The ogre is almost dead.
You hit Grinder.
Grinder blinks!
The ogre hits you with a +0 giant club!
You die...

#.# #.. #.# #.# #.#
#.# #.## ### #.#
#####..####..
##.####.......#...}
................#..
#O####.#.....#####
#@# #.#.#...# #ยค#
#.#.###.# ..#
#.......# .#.#
###.##### #.#.# #.#
5 ..# #.# ## ###
#.# #.# #.#


You could see Grinder and an ogre.

Vanquished Creatures
  A black bear (D:5)
  3 ogres (D:5)
  2 scorpions
  A howler monkey (D:3)
  A hound (D:4)
  An orc priest (D:4)
  A jelly (D:4)
  An iguana (D:4)
  An orc wizard (D:4)
  6 adders
  A shadow imp (D:5)
  An ufetubus (D:4)
  3 dart slugs
  3 worms
  9 orcs
  7 bats
  10 endoplasms
  3 giant cockroaches
  5 goblins
  7 hobgoblins
  6 jackals
  A quokka (D:2)
  8 ball pythons
  A frilled lizard (D:2)
  3 kobolds
  8 rats
94 creatures vanquished.

Vanquished Creatures (others)
  An orc (D:4)
  6 fungi
  2 plants (D:4)
9 creatures vanquished.

Grand Total: 103 creatures vanquished

Notes
Turn   | Place    | Note
-------+----------+-------------------------------------------
     0 | D:1      | qw the Gargoyle Fighter began the quest for the Orb.
     0 | D:1      | Reached XP level 1. HP: 14/14 MP: 1/1
     0 | D:1      | 0 ||| qw: Version: 0.2-a-12-gaebbb33
     0 | D:1      | 0 ||| qw: Game counter: 1499
     0 | D:1      | 0 ||| qw: Always use a shield: true
     0 | D:1      | 0 ||| qw: God list: Okawaru
     0 | D:1      | 0 ||| qw: Allow faded altars: false
     0 | D:1      | 0 ||| qw: Do Orc after D:15 true
     0 | D:1      | 0 ||| qw: Do second Lair branch before Depths: true
     0 | D:1      | 0 ||| qw: Lair rune preference: random
     0 | D:1      | 0 ||| qw: Plans: Normal, Zot:1-4, God:TSO, Crypt, Tomb,
                  | Pan, Slime:5, Hells, Abyss, Orb
     0 | D:1      | 0 ||| PLANNING D:1-11
    46 | D:1      | Reached skill level 2 in Axes
   174 | D:1      | 174 ||| DROPPING +0 club.
   343 | D:1      | Reached XP level 2. HP: 19/19 MP: 2/2
   382 | D:1      | 382 ||| Stepping ~*~*~tactically~*~*~ (stealth).
   383 | D:1      | 383 ||| Stepping ~*~*~tactically~*~*~ (stealth).
   385 | D:1      | 385 ||| Stepping ~*~*~tactically~*~*~ (stealth).
   436 | D:1      | 436 ||| Stepping ~*~*~tactically~*~*~ (stealth).
   438 | D:1      | 438 ||| Stepping ~*~*~tactically~*~*~ (stealth).
   445 | D:1      | Found Qacowy's General Store.
   470 | D:1      | Found a faded altar of an unknown god.
   626 | D:1      | 626 ||| Stepping ~*~*~tactically~*~*~ (stealth).
   645 | D:1      | 645 ||| Stepping ~*~*~tactically~*~*~ (stealth).
   739 | D:1      | Reached skill level 3 in Axes
   910 | D:1      | Reached XP level 3. HP: 23/23 MP: 3/3
   996 | D:1      | 996 ||| UPGRADING to +0 pair of boots.
  1001 | D:1      | 1001 ||| UPGRADING to ring of resist corrosion.
  1002 | D:1      | 1002 ||| READING 2 scrolls labelled QAMUOGRAICO.
  1006 | D:1      | 1006 ||| READING scroll labelled IKHUET QITZACY.
  1007 | D:1      | 1007 ||| READING scroll labelled XUNAETTYUN.
  1008 | D:1      | 1008 ||| READING scroll labelled POGHUE AL YMP.
  1009 | D:1      | 1009 ||| READING scroll labelled YTUFU VAMP.
  1451 | D:2      | Noticed a scorpion
  1458 | D:2      | Killed a scorpion
  1459 | D:2      | Reached XP level 4. HP: 28/28 MP: 4/4
  1636 | D:2      | 1636 ||| Stepping ~*~*~tactically~*~*~ (hiding).
  1727 | D:2      | 1727 ||| Stepping ~*~*~tactically~*~*~ (stealth).
  1795 | D:2      | Reached XP level 5. HP: 32/32 MP: 5/5
  1805 | D:2      | 1805 ||| Stepping ~*~*~tactically~*~*~ (stealth).
  2076 | D:2      | 2076 ||| READING scroll labelled MAZEMO DOSO.
  2077 | D:2      | 2077 ||| READING scroll labelled UBOS POGUTE.
  2104 | D:3      | Reached skill level 4 in Axes
  2104 | D:3      | 2104 ||| STAIRDANCE
  2174 | D:3      | 2174 ||| STAIRDANCE
  2240 | D:3      | 2240 ||| Stepping ~*~*~tactically~*~*~ (stealth).
  2242 | D:3      | 2242 ||| Stepping ~*~*~tactically~*~*~ (stealth).
  2277 | D:3      | 2277 ||| Stepping ~*~*~tactically~*~*~ (stealth).
  2320 | D:3      | Found Xaqoi's Book Emporium.
  2516 | D:3      | 2516 ||| Stepping ~*~*~tactically~*~*~ (stealth).
  2565 | D:3      | You fall into a shaft and drop 2 floors!
  2565 | D:5      | Entered Level 5 of the Dungeon
  2594 | D:5      | 2594 ||| READING scroll labelled LUXUGI NOZI.
  2611 | D:4      | 2611 ||| STAIRDANCE
  2703 | D:4      | Found a runed translucent gate.
  2706 | D:4      | 2706 ||| Stepping ~*~*~tactically~*~*~ (stealth).
  2712 | D:4      | 2712 ||| Stepping ~*~*~tactically~*~*~ (stealth).
  2718 | D:4      | 2718 ||| Stepping ~*~*~tactically~*~*~ (stealth).
  2819 | D:4      | 2819 ||| DROPPING +0 mace.
  2831 | D:4      | Reached XP level 6. HP: 37/37 MP: 6/6
  2843 | D:4      | Found Daixesao's Distillery.
  2848 | D:4      | 2848 ||| BUYING 2 potions of curing (60 gold).
  2848 | D:4      | Bought 2 potions of curing for 60 gold pieces
  2848 | D:4      | 2848 ||| BUYING 2 potions of heal wounds (100 gold).
  2848 | D:4      | Bought 2 potions of heal wounds for 100 gold pieces
  2848 | D:4      | 2848 ||| SHOPLISTING potion of haste (100 gold, have 21).
  2848 | D:4      | 2848 ||| SHOPLISTING potion of mutation (80 gold, have 21).
  2848 | D:4      | 2848 ||| SHOPLISTING potion of resistance (100 gold, have
                  | 21).
  2878 | D:4      | Reached skill level 5 in Axes
  2880 | D:4      | 2880 ||| FLEEEEING.
  2881 | D:4      | 2881 ||| FLEEEEING.
  2882 | D:4      | 2882 ||| FLEEEEING.
  2883 | D:4      | 2883 ||| FLEEEEING.
  2884 | D:4      | 2884 ||| FLEEEEING.
  2885 | D:4      | 2885 ||| FLEEEEING.
  2886 | D:4      | 2886 ||| FLEEEEING.
  2887 | D:4      | 2887 ||| FLEEEEING.
  2888 | D:4      | 2888 ||| FLEEEEING.
  2889 | D:4      | 2889 ||| FLEEEEING.
  2890 | D:4      | 2890 ||| FLEEEEING.
  2891 | D:4      | 2891 ||| FLEEEEING.
  2892 | D:4      | 2892 ||| FLEEEEING.
  2893 | D:4      | 2893 ||| FLEEEEING.
  2894 | D:4      | 2894 ||| FLEEEEING.
  2895 | D:4      | 2895 ||| FLEEEEING.
  2896 | D:4      | 2896 ||| FLEEEEING.
  2897 | D:4      | 2897 ||| FLEEEEING.
  2898 | D:4      | 2898 ||| FLEEEEING.
  2899 | D:4      | 2899 ||| FLEEEEING.
  2900 | D:4      | 2900 ||| FLEEEEING.
  2901 | D:4      | 2901 ||| FLEEEEING.
  2902 | D:4      | 2902 ||| FLEEEEING.
  2903 | D:4      | 2903 ||| FLEEEEING.
  2904 | D:4      | 2904 ||| FLEEEEING.
  2905 | D:4      | 2905 ||| FLEEEEING.
  2908 | D:4      | 2908 ||| FLEEEEING.
  2909 | D:4      | 2909 ||| FLEEEEING.
  2910 | D:4      | 2910 ||| FLEEEEING.
  2911 | D:4      | 2911 ||| FLEEEEING.
  2912 | D:4      | 2912 ||| FLEEEEING.
  2913 | D:4      | 2913 ||| FLEEEEING.
  2914 | D:4      | 2914 ||| FLEEEEING.
  2915 | D:4      | 2915 ||| FLEEEEING.
  2916 | D:4      | 2916 ||| FLEEEEING.
  2917 | D:4      | 2917 ||| FLEEEEING.
  2918 | D:4      | 2918 ||| FLEEEEING.
  2919 | D:4      | 2919 ||| STAIRDANCE
  2922 | D:3      | 2922 ||| Stepping ~*~*~tactically~*~*~ (stealth).
  2923 | D:3      | 2923 ||| Stepping ~*~*~tactically~*~*~ (stealth).
  2926 | D:3      | 2926 ||| Stepping ~*~*~tactically~*~*~ (stealth).
  2928 | D:3      | 2928 ||| Stepping ~*~*~tactically~*~*~ (stealth).
  2935 | D:3      | 2935 ||| Stepping ~*~*~tactically~*~*~ (stealth).
  2936 | D:3      | 2936 ||| Stepping ~*~*~tactically~*~*~ (stealth).
  2937 | D:3      | 2937 ||| Stepping ~*~*~tactically~*~*~ (stealth).
  2938 | D:3      | 2938 ||| Stepping ~*~*~tactically~*~*~ (stealth).
  2946 | D:3      | 2946 ||| Stepping ~*~*~tactically~*~*~ (stealth).
  2948 | D:3      | 2948 ||| Stepping ~*~*~tactically~*~*~ (stealth).
  2954 | D:3      | 2954 ||| FLEEEEING.
  2960 | D:3      | 2960 ||| STAIRDANCE
  2991 | D:2      | 2991 ||| UPGRADING to +0 chain mail.
  3001 | D:2      | 3001 ||| DROPPING +0 scale mail.
  3002 | D:2      | 3002 ||| READING scroll labelled XILOCUWAFI.
  3010 | D:3      | 3010 ||| Stepping ~*~*~tactically~*~*~ (stealth).
  3024 | D:4      | 3024 ||| STAIRDANCE
  3034 | D:4      | Found a runed translucent gate.
  3034 | D:4      | Noticed qw's ghost (amateur GrFi)
  3035 | D:4      | Found a runed translucent gate.
  3117 | D:4      | Identified the +2 robe of Going Fast {Contam rC- Will++
                  | Regen+ Stlth+}
  3118 | D:4      | 3118 ||| Stepping ~*~*~tactically~*~*~ (stealth).
  3144 | D:4      | 3144 ||| FLEEEEING.
  3158 | D:4      | 3158 ||| FLEEEEING.
  3199 | D:4      | 3199 ||| Stepping ~*~*~tactically~*~*~ (stealth).
  3412 | D:4      | 3412 ||| Stepping ~*~*~tactically~*~*~ (stealth).
  3475 | D:4      | 3475 ||| Stepping ~*~*~tactically~*~*~ (stealth).
  3810 | D:5      | 3810 ||| DRINKING 2 metallic black potions.
  3814 | D:5      | 3814 ||| DRINKING 4 potions of curing.
  3814 | D:5      | 3814 ||| (to cure confusion)
  3820 | D:5      | Reached XP level 7. HP: 34/43 MP: 7/7
  4029 | D:5      | 4029 ||| Stepping ~*~*~tactically~*~*~ (stealth).
  4037 | D:5      | HP: 10/43 [orc/+0 club (4)]
  4038 | D:5      | Reached skill level 6 in Axes
  4038 | D:5      | 4038 ||| READING 2 scrolls of teleportation.
  4039 | D:5      | 4039 ||| DRINKING 2 potions of heal wounds.
  4135 | D:5      | Found a staircase to the Ecumenical Temple.
  4136 | D:5      | 4136 ||| PLANNING TEMPLE
  4144 | D:5      | Reached skill level 1 in Dodging
  4152 | D:5      | 4152 ||| DROPPING potion of ambrosia.
  4161 | Temple   | Entered the Ecumenical Temple
  4234 | Temple   | 4234 ||| PLANNING OKAWARU WORSHIP
  4361 | Temple   | Became a worshipper of Warmaster Okawaru
  4362 | Temple   | 4362 ||| PLANNING D:1-11
  4507 | D:5      | HP: 10/43 [ogre/+0 giant club (12)]
  4508 | D:5      | 4508 ||| READING scroll of teleportation.
  4509 | D:5      | 4509 ||| DRINKING potion of heal wounds.
  4512 | D:5      | Noticed Grinder
  4515 | D:5      | HP: 10/43 [ogre/+0 giant club (7)]
  4518 | D:5      | HP: 4/43 [Grinder (7)]
  4520 | D:5      | Mangled by an ogre

Levels and vault maps discovered:
D:1:      lightli_iron_boxes, layout_loops_cross,
          hellmonk_ecumenical_altar_crossroads, serial_shops, shop,
          kennysheep_another_room
D:2:      layout_loops_ring
D:3:      layout_basic, serial_shops, nicolae_shop_trees
D:4:      layout_loops_ring, gammafunk_ghost_nasty_kobolds, serial_shops, shop
D:5:      layout_loops_corners, minmay_temple_entry_antechambers,
          serial_aquarium, aquarium_bridge_square [aquarium_subvault_window,
          aquarium_subvault_bridge, aquarium_subvault_bridge,
          aquarium_subvault_bridge], aquarium_window_fake, aquarium_window_fake,
          aquarium_window_2, aquarium_window_corner, aquarium_view_2e,
          aquarium_balcony_3b, aquarium_pool_2, grunt_ministairs_13,
          kennysheep_nondescript, uniq_grinder
Temple:   mainiacjoe_temple_archimedes_tessellation

Skill      XL: |  1  2  3  4  5  6  7 |
---------------+----------------------+-----
Axes           | 2 3 4 5 6 |  6.8
Throwing       | 2 |  2.6
Fighting       | 4 |  4.0
Dodging        | 1 |  1.6
Armour         | |  3.2
Shields        | |  3.2

Action                   |  1- 3 |  4- 6 |  7- 9 || total
-------------------------+-------+-------+-------++-------
Melee: War axe           |    78 |   152 |    39 ||   269
Throw: Javelin           |     2 |    27 |     2 ||    31
  Use: Scroll            |     5 |     4 |     2 ||    11
       Potion            |       |     2 |     2 ||     4
Armor: Scale mail        |    44 |    68 |       ||   112
       Chain mail        |       |    24 |    21 ||    45
Dodge: Dodged            |    41 |    66 |    17 ||   124
Block: Buckler           |    13 |    27 |     7 ||    47

Table legend:
 A = Non-vault XP
 B = Vault XP
 C = Vault XP percentage of total XP
 D = Non-vault monster count
 E = Vault monster count
 F = Vault count percentage of total count
                 A         B        C        D         E       F
            +---------+---------+-------+---------+---------+-------
      Total |    1158 |       3 |   0.3 |      93 |       1 |   1.1
            +---------+---------+-------+---------+---------+-------
        D:1 |      37 |       0 |   0.0 |      21 |       0 |   0.0
        D:2 |     148 |       0 |   0.0 |      27 |       0 |   0.0
        D:3 |      90 |       0 |   0.0 |      14 |       0 |   0.0
        D:4 |     281 |       0 |   0.0 |      24 |       0 |   0.0
        D:5 |     602 |       3 |   0.5 |       7 |       1 |  12.5
            +---------+---------+-------+---------+---------+-------
